[Event "Croatian-ch Youth U15 2022"]
[Site "Trogir"]
[Date "2022.06.24"]
[Round "4.6"]
[White "Kos, Nikola"]
[Black "Horcicka, Jan"]
[Result "0-1"]
[ECO "C56"]
[WhiteElo "1523"]
[BlackElo "1804"]
[Annotator "NA RC"]
[PlyCount "98"]
[EventDate "2022.06.22"]
[EventType "swiss"]
[EventCountry "CRO"]
[SourceTitle "playchess.com"]
[Source "ChessBase"]
[SourceQuality "1"]
[TimeControl "5400+30"]

1. e4 e5 2. Nf3 Nc6 3. d4 exd4 4. Bc4 Nf6 5. e5 d5 6. Bb5 Ne4 7. Nxd4 Bd7 8. Bxc6 bxc6 9. O-O Bc5 10. f3 Ng5 11. f4 Ne4 12. Be3 Qb8 13. Qc1 Bxd4 14. Bxd4 c5 15. Bc3 ({White should play} 15. Bf2 $11) 15... d4 ({Better is} 15... Qb6 $15 16. Be1 O-O) 16. Be1 Qb7 17. Nd2 Bc6 18. Nxe4 Bxe4 19. Rf2 O-O 20. b3 f6 21. Re2 fxe5 22. fxe5 Qa6 23. Qd2 Bxg2 24. Bg3 $2 (24. Qd3 $17 {was the crucial defense.} Bh3 25. Bh4) 24... Bh3 25. Qd3 Qc6 26. Qe4 Qe6 27. Rf2 Rxf2 28. Bxf2 Rf8 29. Bg3 Qa6 30. Qd3 Qc6 31. Qe2 Kh8 32. Re1 Rf3 33. Qd2 Qe4 34. Qd3 $2 (34. e6 Qxe6 35. c3) 34... Qd5 35. Qd2 Qe4 36. Qd3 Qc6 37. Qd2 Qa6 38. Qd1 Qc6 39. Qd2 h5 40. Bh4 Qe4 41. Bf2 Qg4+ 42. Bg3 h4 (42... d3 $142 43. Kh1 h4 44. Kg1 hxg3 45. hxg3 Rxg3+ 46. Kh1 Qf3+ 47. Kh2 Rg2+ 48. Kh1 Rxd2+ 49. Kg1 Qg2#) 43. Qe2 hxg3 44. hxg3 Qxg3+ 45. Kh1 Bg2+ 46. Qxg2 Qxe1+ 47. Kh2 Qxe5+ 48. Kh1 Qe1+ 49. Kh2 Rf2 0-1

[Event "Croatian-ch Youth U15 2022"]
[Site "Trogir"]
[Date "2022.06.24"]
[Round "4.7"]
[White "Friedrich, Ivan"]
[Black "Franc, Borna"]
[Result "0-1"]
[ECO "D36"]
[WhiteElo "1456"]
[BlackElo "2032"]
[Annotator "TA"]
[PlyCount "78"]
[EventDate "2022.06.22"]
[EventType "swiss"]
[EventCountry "CRO"]
[SourceTitle "playchess.com"]
[Source "ChessBase"]
[SourceQuality "1"]
[TimeControl "5400+30"]

1. d4 Nf6 2. c4 e6 3. Nc3 d5 4. cxd5 exd5 5. Bg5 Be7 6. Qc2 c6 7. e3 h6 8. Bh4 O-O 9. Bd3 b5 {[%emt 0:01:00] D36: Queen's Gambit Declined: Exchange Variation: Main line (5 Bg5 c6 6 Qc2).} 10. Nge2 Bb7 11. O-O Nbd7 {[%emt 0:00:21] The position is equal.} 12. f3 {[%emt 0:04:47] [#]} Ne8 $146 (12... Re8 $11) ({Predecessor:} 12... a6 13. e4 dxe4 14. fxe4 c5 15. dxc5 Nxc5 16. Bxf6 Bxf6 17. Rad1 Qb6 18. Kh1 Rac8 {½-½ (84) Lee,R (1615)-Li,Y (1185) Shenzhen 2019}) 13. Bxe7 Qxe7 14. e4 a6 15. Ng3 dxe4 16. fxe4 {[%emt 0:01:07] Threatens to win with Nf5.} c5 17. Nf5 Qe6 18. d5 Qe5 19. Qe2 {[%emt 0:02:22][%cal Of5h6] Black must now prevent Nxh6+!} Nef6 20. Rf3 {[%emt 0:03:57] next Rg3 is good for White.} g6 ({But not} 20... Ng4 21. Rg3 h5 22. Qd2 $14) 21. Rg3 {[%emt 0:19:15] [#]} (21. Qe3 $11) 21... Kh7 $1 $17 {[%emt 0:00:44] Strongly threatening ...c4.} 22. Nh4 (22. Rf1 $142) 22... Nh5 (22... c4 $17 23. Bc2 b4) 23. Re3 $11 Nf4 24. Qf2 Nf6 25. Nf3 $36 {[%emt 0:01:17][%mdl 2048] White has the initiative.} Qh5 (25... Qe7 $11 {remains equal.} 26. Nd2 Nxd3 27. Rxd3 Ng4) 26. Qg3 (26. Ne1 $16 Qe5 27. Rf3) 26... Nxd3 (26... Qg4 $11 {keeps the balance.}) 27. Rxd3 $16 b4 (27... Qg4 $16) 28. Qd6 Kg7 29. e5 Ng4 {[%emt 0:00:31] aiming for ...Qf5.} 30. Ne4 {[%emt 0:00:57] And now Ng3 would win.} Qf5 31. Nxc5 (31. Re1 $16) 31... Rad8 $1 $11 {[%emt 0:00:24] Chess con chili.} 32. Qb6 Rxd5 33. Qxb7 Rxd3 34. Nxd3 Qxd3 35. Qxb4 $2 (35. Re1 $11) 35... Qe3+ 36. Kh1 Nf2+ 37. Kg1 Nh3+ {[%emt 0:00:03][%mdl 64] Discovered Attack (Double check). Black mates.} 38. Kh1 {[%emt 0:00:10] [#]} Qg1+ $3 39. Rxg1 (39. Nxg1 Nf2#) 39... Nf2# {[%emt 0:00:06] Weighted Error Value: White=0.52/Black=0.21 (precise)} 0-1

[Event "Croatian-ch Youth U15 2022"]
[Site "Trogir"]
[Date "2022.06.24"]
[Round "4.8"]
[White "Jakovic, Roko"]
[Black "Veocic, Noa"]
[Result "1-0"]
[ECO "D27"]
[WhiteElo "1944"]
[BlackElo "1418"]
[Annotator "TA"]
[PlyCount "41"]
[EventDate "2022.06.22"]
[EventType "swiss"]
[EventCountry "CRO"]
[SourceTitle "playchess.com"]
[Source "ChessBase"]
[SourceQuality "1"]
[TimeControl "5400+30"]

1. d4 d5 2. c4 dxc4 3. Nc3 Nf6 4. e3 e6 5. Bxc4 c5 6. Nf3 a6 7. a4 cxd4 8. exd4 Nc6 9. O-O Nb4 {[%emt 0:02:01] Against d5. D27: Queen's Gambit Accepted: Classical main line: 7 e4!? and 7 a4.} 10. Qb3 Be7 11. Bg5 {[%emt 0:04:11] [#]} Nd7 $146 {[%emt 0:25:44] [#]} (11... Nc6 $14) ({Predecessor:} 11... Nbd5 12. Bxd5 Nxd5 13. Nxd5 Qxd5 14. Qxd5 exd5 15. Bxe7 Kxe7 16. Rac1 Kd6 17. Ne5 Be6 18. a5 Rac8 19. Nd3 Rc4 20. Nc5 Rb8 21. Rfd1 Rb4 22. Rd2 Rb5 23. Ra1 b6 24. axb6 R8xb6 {0-1 (24) Boruchovsky,A (2541)-Montoliu Cervero,F (2393) Chess.com INT 2020}) 12. Bxe7 (12. d5 $1 $18 Nxd5 13. Bxd5 (13. Nxd5 Bxg5 14. Nxg5 O-O $16) 13... Bxg5 14. Bxe6 (14. Bxb7 Rb8 $17) (14. Nxg5 Qxg5 15. f4 Qf5 $11) 14... fxe6 15. Qxe6+ Qe7 16. Rfe1 (16. Nxg5 Qxe6 17. Nxe6 Kf7 $16) 16... Qxe6 17. Rxe6+ Kf8 18. Nxg5) 12... Qxe7 $16 13. d5 {[%emt 0:01:27] White is more active.} O-O $2 (13... Nb6 $16 {is tougher.}) 14. dxe6 $18 {[%emt 0:02:09] White is clearly winning.} Nb6 15. exf7+ Kh8 16. Rfe1 Qc5 {[%emt 0:03:59] [#]} 17. Re8 $1 {[%emt 0:07:36] aiming for Ne4.} Bd7 18. Rxa8 Rxa8 19. Be6 {[%emt 0:03:10] And now Ne4 would win.} g6 20. Bxd7 {[%emt 0:02:12] Be8 is the strong threat.} Nxd7 21. Ne4 {[%emt 0:00:31] Weighted Error Value: White=0.09 (flawless) /Black=1.20} 1-0

[Event "Croatian-ch Youth U15 2022"]
[Site "Trogir"]
[Date "2022.06.24"]
[Round "4.9"]
[White "Karij, Petra"]
[Black "Begic, Klara"]
[Result "1/2-1/2"]
[ECO "C00"]
[WhiteElo "1433"]
[BlackElo "1727"]
[Annotator "NA RC"]
[PlyCount "78"]
[EventDate "2022.06.22"]
[EventType "swiss"]
[EventCountry "CRO"]
[SourceTitle "playchess.com"]
[Source "ChessBase"]
[SourceQuality "1"]
[TimeControl "5400+30"]

1. e4 e6 2. Qe2 c5 3. Nf3 Nc6 4. g3 Nge7 5. Bg2 d5 6. d3 Ng6 7. O-O Be7 8. c3 O-O 9. Na3 a6 10. Nc2 dxe4 11. Qxe4 Qc7 12. d4 Rd8 13. dxc5 Bxc5 14. b4 Be7 15. Bb2 Bf6 16. Rac1 Nge5 17. Ncd4 Nxf3+ 18. Nxf3 Bd7 19. Rfd1 Be8 20. Nd4 Qb6 21. Nf3 Nxb4 22. Rxd8 Rxd8 23. cxb4 Bxb2 24. Rb1 Bf6 25. h4 h6 26. a3 Bc6 27. Qe2 Bb5 28. Qa2 Rd3 29. Kh2 Bc6 30. Ne1 Rd7 31. Nf3 Qb5 32. a4 Qf5 33. Ne1 Bxa4 34. Qxa4 Qxb1 35. Qxd7 Qxe1 36. Qc8+ Kh7 37. Qxb7 Qxf2 38. Qxf7 Qe2 39. h5 Be5 1/2-1/2

[Event "Croatian-ch Youth U15 2022"]
[Site "Trogir"]
[Date "2022.06.24"]
[Round "4.10"]
[White "Zovko, Josipa"]
[Black "Botica, Lucija"]
[Result "1/2-1/2"]
[ECO "D03"]
[WhiteElo "1419"]
[BlackElo "1145"]
[Annotator "NA RC"]
[PlyCount "60"]
[EventDate "2022.06.22"]
[EventType "swiss"]
[EventCountry "CRO"]
[SourceTitle "playchess.com"]
[Source "ChessBase"]
[SourceQuality "1"]
[TimeControl "5400+30"]

1. d4 Nf6 2. Nf3 d5 3. Bg5 Nbd7 4. e3 Ne4 5. Bf4 Ndf6 6. Bd3 e6 7. Nfd2 Bd6 8. Nxe4 Nxe4 9. Bxe4 dxe4 10. Bg3 O-O 11. O-O Bxg3 12. fxg3 Qg5 13. Qe2 e5 14. c3 exd4 15. exd4 e3 16. Qf3 Bg4 17. Qf4 Qxf4 18. gxf4 Rfe8 19. Re1 Rad8 20. Na3 e2 21. Kf2 Bh5 22. h3 f5 23. Nc4 Re4 24. g3 c5 25. Nd2 Re7 26. Nf3 Bxf3 27. Kxf3 cxd4 28. Rxe2 Rxe2 29. Kxe2 dxc3 30. bxc3 Kf7 1/2-1/2

[Event "Croatian-ch Youth U15 2022"]
[Site "Trogir"]
[Date "2022.06.24"]
[Round "5.1"]
[White "Sundac, Ivano"]
[Black "Colev, Ivor"]
[Result "1/2-1/2"]
[ECO "A90"]
[WhiteElo "1978"]
[BlackElo "1984"]
[Annotator "NA RC"]
[PlyCount "64"]
[EventDate "2022.06.22"]
[EventType "swiss"]
[EventCountry "CRO"]
[SourceTitle "playchess.com"]
[Source "ChessBase"]
[SourceQuality "1"]
[TimeControl "5400+30"]

1. d4 f5 2. g3 Nf6 3. Nf3 e6 4. Bg2 d5 5. O-O Bd6 6. c4 c6 7. Nc3 O-O 8. cxd5 exd5 9. Bd2 Ne4 10. Qc1 Nxd2 11. Qxd2 Nd7 12. e3 Nf6 13. Rac1 Ne4 14. Qc2 Qf6 15. Nd2 Qh6 16. f4 Be6 17. a3 Qf6 18. Na4 Nxd2 19. Qxd2 Rfc8 20. b4 Qe7 21. Rc2 b5 22. Nc5 Bxc5 23. Rxc5 Bd7 24. Rfc1 Re8 25. Kf2 Qf6 26. Bf3 Kh8 27. Ra1 a6 28. a4 Reb8 29. axb5 axb5 30. Rcc1 Qf8 31. Qb2 h6 32. h4 Kh7 1/2-1/2

[Event "Croatian-ch Youth U15 2022"]
[Site "Trogir"]
[Date "2022.06.24"]
[Round "5.2"]
[White "Zadro, Matej"]
[Black "Grgantov, Marin"]
[Result "0-1"]
[ECO "C78"]
[WhiteElo "1861"]
[BlackElo "2081"]
[Annotator "NA RC"]
[PlyCount "48"]
[EventDate "2022.06.22"]
[EventType "swiss"]
[EventCountry "CRO"]
[SourceTitle "playchess.com"]
[Source "ChessBase"]
[SourceQuality "1"]
[TimeControl "5400+30"]

1. e4 e5 2. Nf3 Nc6 3. Bb5 a6 4. Ba4 Nf6 5. O-O b5 6. Bb3 Bb7 7. d3 Bd6 8. c3 O-O 9. Nbd2 h6 10. Re1 Re8 11. d4 Bf8 12. d5 Na5 13. Bc2 c6 14. b4 cxd5 15. exd5 Nxd5 16. Nxe5 Nc6 17. Nxc6 Bxc6 18. Ne4 Rxe4 19. Bxe4 Nxc3 20. Bh7+ Kxh7 21. Qd3+ g6 22. Qxc3 Bg7 23. Qh3 Bxa1 24. Bxh6 Bf6 0-1

[Event "Croatian-ch Youth U15 2022"]
[Site "Trogir"]
[Date "2022.06.24"]
[Round "5.3"]
[White "Horcicka, Jan"]
[Black "Gal, Andrej"]
[Result "0-1"]
[ECO "B63"]
[WhiteElo "1804"]
[BlackElo "1874"]
[Annotator "NA RC"]
[PlyCount "66"]
[EventDate "2022.06.22"]
[EventType "swiss"]
[EventCountry "CRO"]
[SourceTitle "playchess.com"]
[Source "ChessBase"]
[SourceQuality "1"]
[TimeControl "5400+30"]

1. e4 c5 2. Nf3 d6 3. d4 cxd4 4. Nxd4 Nf6 5. Nc3 Nc6 6. Bg5 e6 7. Qd2 Be7 8. O-O-O O-O 9. f3 Nxd4 10. Qxd4 a6 11. h4 b5 12. Kb1 Bb7 13. Qd2 Rc8 14. Bd3 Qc7 15. Ne2 Bc6 16. g4 a5 17. h5 b4 18. Bxf6 Bxf6 19. g5 Be7 20. g6 fxg6 21. h6 Bf6 22. Rdg1 d5 23. hxg7 Kxg7 24. exd5 Bxd5 25. Qe1 Qe5 26. c3 bxc3 27. bxc3 Qe3 28. Bc2 Rb8+ 29. Bb3 Bxb3 30. axb3 Rxb3+ 31. Kc2 Rfb8 32. Qh4 Qxe2+ 33. Kc1 Rxc3# 0-1

[Event "Croatian-ch Youth U15 2022"]
[Site "Trogir"]
[Date "2022.06.24"]
[Round "5.4"]
[White "Frouth, Vibor"]
[Black "Tomljanovic, Ivano"]
[Result "1/2-1/2"]
[ECO "B19"]
[WhiteElo "1493"]
[BlackElo "1844"]
[Annotator "NA RC"]
[PlyCount "90"]
[EventDate "2022.06.22"]
[EventType "swiss"]
[EventCountry "CRO"]
[SourceTitle "playchess.com"]
[Source "ChessBase"]
[SourceQuality "1"]
[TimeControl "5400+30"]

1. e4 c6 2. d4 d5 3. Nc3 dxe4 4. Nxe4 Bf5 5. Ng3 Bg6 6. h4 h6 7. h5 Bh7 8. Nf3 Nf6 9. Bc4 e6 10. c3 Bd6 11. Ne2 Nbd7 12. Bf4 Bxf4 13. Nxf4 Nd5 14. Nxd5 exd5 15. Qe2+ Qe7 16. Qxe7+ Kxe7 17. Bb3 Kd6 18. Kd2 Rhe8 19. Rae1 Nf6 20. Bc2 Bxc2 21. Kxc2 Rxe1 22. Nxe1 Re8 23. Kd1 Ng4 24. Nd3 b6 25. b4 a5 26. bxa5 bxa5 27. Kd2 Rb8 28. f3 Nf6 29. g4 Nd7 30. Kc2 c5 31. dxc5+ Nxc5 32. Nxc5 Kxc5 33. Re1 Rb7 34. Kd3 a4 35. Re8 Rb2 36. Re2 Rxe2 37. Kxe2 Kc4 38. Kd2 d4 39. cxd4 Kxd4 40. a3 f6 41. Ke2 f5 42. gxf5 Ke5 43. f6 Kxf6 44. f4 g6 45. hxg6 Kxg6 1/2-1/2

[Event "Croatian-ch Youth U15 2022"]
[Site "Trogir"]
[Date "2022.06.24"]
[Round "5.5"]
[White "Franc, Borna"]
[Black "Rautner, Fran"]
[Result "1/2-1/2"]
[ECO "B06"]
[WhiteElo "2032"]
[BlackElo "1753"]
[Annotator "NA RC"]
[PlyCount "62"]
[EventDate "2022.06.22"]
[EventType "swiss"]
[EventCountry "CRO"]
[SourceTitle "playchess.com"]
[Source "ChessBase"]
[SourceQuality "1"]
[TimeControl "5400+30"]

1. e4 c5 2. c3 d5 3. exd5 Qxd5 4. d4 g6 5. Nf3 Bg7 6. Be2 Nc6 7. dxc5 Qxc5 8. Be3 Qa5 9. O-O Nf6 10. Nd4 Nxd4 11. Bxd4 O-O 12. Nd2 Be6 13. Bf3 Bd5 14. Nb3 Qb5 15. Bxd5 Qxd5 16. Qe2 Rfe8 17. Rad1 Qf5 18. Be5 Nh5 19. Bxg7 Nxg7 20. Qe3 Qe6 21. Qd3 Qb6 22. Qd4 Qxd4 23. Rxd4 Red8 24. Rfd1 Ne6 25. Rd7 Rxd7 26. Rxd7 Rd8 27. Rxd8+ Nxd8 28. Kf1 Kg7 29. Ke2 Kf6 30. Nc5 Ke5 31. Kd3 Kd5 1/2-1/2

[Event "Croatian-ch Youth U15 2022"]
[Site "Trogir"]
[Date "2022.06.24"]
[Round "5.6"]
[White "Babler, Jan"]
[Black "Jakovic, Roko"]
[Result "0-1"]
[ECO "B98"]
[WhiteElo "1616"]
[BlackElo "1944"]
[Annotator "NA RC"]
[PlyCount "78"]
[EventDate "2022.06.22"]
[EventType "swiss"]
[EventCountry "CRO"]
[SourceTitle "playchess.com"]
[Source "ChessBase"]
[SourceQuality "1"]
[TimeControl "5400+30"]

1. e4 c5 2. Nf3 d6 3. d4 cxd4 4. Nxd4 Nf6 5. Nc3 a6 6. Bg5 e6 7. f4 Be7 8. Qf3 Qc7 9. O-O-O h6 10. Bxf6 Bxf6 11. f5 Nc6 12. Nxc6 Qxc6 13. fxe6 Bxe6 14. Nd5 Bxd5 15. exd5 Qb6 16. Re1+ Be5 17. Qb3 Qxb3 18. axb3 O-O 19. Bd3 f5 20. Rhf1 f4 21. Be4 g5 22. Bf3 a5 23. Be2 Kg7 24. h4 Rh8 25. hxg5 hxg5 26. Rh1 Rae8 27. Bh5 Bxb2+ 28. Kxb2 Rxe1 29. Rxe1 Rxh5 30. Rf1 Rh2 31. Rf2 Kf6 32. c4 Ke5 33. Kc3 g4 34. Re2+ Kf5 35. Kd3 b6 36. Kd2 f3 37. gxf3 g3 38. Ke1 g2 39. Kf2 g1=Q+ 0-1

[Event "Croatian-ch Youth U15 2022"]
[Site "Trogir"]
[Date "2022.06.24"]
[Round "5.7"]
[White "Mandaric, Fran"]
[Black "Car, Jura"]
[Result "1-0"]
[ECO "C90"]
[WhiteElo "1808"]
[BlackElo "1298"]
[Annotator "NA RC"]
[PlyCount "49"]
[EventDate "2022.06.22"]
[EventType "swiss"]
[EventCountry "CRO"]
[SourceTitle "playchess.com"]
[Source "ChessBase"]
[SourceQuality "1"]
[TimeControl "5400+30"]

1. e4 e5 2. Nf3 Nc6 3. Bb5 a6 4. Ba4 Nf6 5. d3 b5 6. Bb3 Be7 7. O-O O-O 8. Re1 d6 9. c3 Na5 10. Bc2 c5 11. Nbd2 Bg4 12. h3 Be6 13. Nf1 h6 14. Ng3 Re8 15. d4 cxd4 16. cxd4 Qc7 17. b3 Bf8 18. Bb2 exd4 19. Nxd4 Nc6 20. Nxc6 Qxc6 21. Rc1 Qb6 22. Bxf6 gxf6 23. Nh5 Re7 24. Qd3 Rd8 25. Nxf6+ 1-0

[Event "Croatian-ch Youth U15 2022"]
[Site "Trogir"]
[Date "2022.06.24"]
[Round "5.8"]
[White "Bunic, Emanuel"]
[Black "Djuric, Leon"]
[Result "1-0"]
[ECO "A85"]
[WhiteElo "1941"]
[BlackElo "1475"]
[Annotator "NA RC"]
[PlyCount "78"]
[EventDate "2022.06.22"]
[EventType "swiss"]
[EventCountry "CRO"]
[SourceTitle "playchess.com"]
[Source "ChessBase"]
[SourceQuality "1"]
[TimeControl "5400+30"]

1. d4 f5 2. c4 e6 3. Nc3 Nf6 4. Bf4 Bb4 5. Nf3 O-O 6. Qc2 b6 7. g3 Bb7 8. Bg2 d6 9. O-O Bxc3 10. bxc3 Nbd7 11. Ng5 Bxg2 12. Nxe6 Be4 13. Qd1 Qc8 14. Nxf8 Nxf8 15. d5 b5 16. f3 bxc4 17. fxe4 Nxe4 18. Qd4 Qa6 19. Be3 Qa5 20. Rxf5 Qxc3 21. Rc1 Qxd4 22. Bxd4 Nd7 23. Rxc4 Ndc5 24. Bxc5 Nxc5 25. Rcf4 h6 26. Rf7 Na6 27. Re7 Rf8 28. Ra4 Nc5 29. Rxa7 Rf5 30. Raxc7 Rxd5 31. Rxg7+ Kf8 32. Rh7 Kg8 33. Rcg7+ Kf8 34. Ra7 Kg8 35. Rhc7 Ne6 36. Rc8+ Nf8 37. Raa8 Rf5 38. Rxf8+ Rxf8 39. Rxf8+ Kxf8 1-0

[Event "Croatian-ch Youth U15 2022"]
[Site "Trogir"]
[Date "2022.06.24"]
[Round "5.9"]
[White "Begic, Klara"]
[Black "Buchwald, Svea"]
[Result "1-0"]
[ECO "A11"]
[WhiteElo "1727"]
[BlackElo "1187"]
[Annotator "NA RC"]
[PlyCount "85"]
[EventDate "2022.06.22"]
[EventType "swiss"]
[EventCountry "CRO"]
[SourceTitle "playchess.com"]
[Source "ChessBase"]
[SourceQuality "1"]
[TimeControl "5400+30"]

1. Nf3 d5 2. c4 c6 3. e3 Nf6 4. Be2 Bf5 5. O-O e6 6. d4 Bb4 7. a3 Ba5 8. b4 Bc7 9. Nc3 O-O 10. Bb2 Nbd7 11. Rc1 Ne4 12. Nd2 Ndf6 13. Ndxe4 Nxe4 14. Nxe4 Bxe4 15. Bf3 Qd6 16. g3 f5 17. Be2 Rf6 18. c5 Qe7 19. f3 Bxf3 20. Bxf3 Rg6 21. Kf2 e5 22. dxe5 Bxe5 23. Bxe5 Qxe5 24. Qd4 Re6 25. Rc3 Rae8 26. a4 g5 27. h3 Rh6 28. Qxe5 Rxe5 29. Bg2 Rhe6 30. b5 h5 31. Rb1 Kg7 32. a5 Kf6 33. a6 bxa6 34. bxa6 Re7 35. Rb7 h4 36. gxh4 gxh4 37. Rxe7 Rxe7 38. Rb3 Re8 39. Rb7 Re7 40. Kf3 Ke6 41. Kf4 Kf6 42. Rxe7 Kxe7 43. Kxf5 1-0

[Event "Croatian-ch Youth U15 2022"]
[Site "Trogir"]
[Date "2022.06.24"]
[Round "5.10"]
[White "Botica, Lucija"]
[Black "Friscic, Laura"]
[Result "1-0"]
[ECO "B01"]
[WhiteElo "1145"]
[BlackElo "1106"]
[Annotator "NA RC"]
[PlyCount "85"]
[EventDate "2022.06.22"]
[EventType "swiss"]
[EventCountry "CRO"]
[SourceTitle "playchess.com"]
[Source "ChessBase"]
[SourceQuality "1"]
[TimeControl "5400+30"]

1. e4 d5 2. exd5 Qxd5 3. Nc3 Qd8 4. Nf3 Nf6 5. d4 Bf5 6. Bf4 c6 7. Bd3 Bg4 8. Be2 e6 9. Qd3 Bf5 10. Qd2 Bd6 11. Bg5 h6 12. Bh4 Nbd7 13. Bd3 Bg4 14. Ne4 Nxe4 15. Bxe4 g5 16. Bg3 Bxg3 17. hxg3 Nf6 18. Qe3 Nxe4 19. Qxe4 Bf5 20. Qe2 Qa5+ 21. Qd2 Qxd2+ 22. Kxd2 O-O-O 23. c3 Rh7 24. g4 Be4 25. Ke3 Bxf3 26. Kxf3 Rd5 27. Rae1 Kd7 28. Re5 Rxe5 29. dxe5 c5 30. Ke4 Ke7 31. f4 gxf4 32. Kxf4 f6 33. exf6+ Kxf6 34. Rxh6+ Rxh6 35. g5+ Kg6 36. gxh6 Kxh6 37. Ke5 Kg5 38. Kxe6 Kg4 39. Kd5 b6 40. Kc6 Kg3 41. Kb7 a5 42. Kxb6 a4 43. Kxc5 1-0

[Event "Croatian-ch Youth U15 2022"]
[Site "Trogir"]
[Date "2022.06.24"]
[Round "5.11"]
[White "Savic, Anja"]
[Black "Karij, Petra"]
[Result "0-1"]
[ECO "D40"]
[WhiteElo "1308"]
[BlackElo "1433"]
[Annotator "NA RC"]
[PlyCount "54"]
[EventDate "2022.06.22"]
[EventType "swiss"]
[EventCountry "CRO"]
[SourceTitle "playchess.com"]
[Source "ChessBase"]
[SourceQuality "1"]
[TimeControl "5400+30"]

1. d4 d5 2. c4 e6 3. Nf3 c5 4. e3 Nf6 5. Nc3 Nc6 6. Bd3 a6 7. O-O dxc4 8. Be2 cxd4 9. exd4 b5 10. a3 Be7 11. Be3 O-O 12. Rc1 Bb7 13. Qd2 Na5 14. Bd1 Qc7 15. Re1 Rad8 16. Qe2 Ng4 17. Ne5 Nxe5 18. dxe5 Qxe5 19. Bb6 Qg5 20. f3 Qxc1 21. Be3 Bc5 22. Bxc5 Rd2 23. Qe3 Rc8 24. Bb4 Qxb2 25. Na4 Rxg2+ 26. Kf1 bxa4 27. Bxa5 Rxh2 0-1

[Event "Croatian-ch Youth U15 2022"]
[Site "Trogir"]
[Date "2022.06.25"]
[Round "6.1"]
[White "Grgantov, Marin"]
[Black "Colev, Ivor"]
[Result "1/2-1/2"]
[ECO "B23"]
[WhiteElo "2081"]
[BlackElo "1984"]
[Annotator "RC"]
[PlyCount "59"]
[EventDate "2022.06.22"]
[EventType "swiss"]
[EventCountry "CRO"]
[SourceTitle "playchess.com"]
[Source "ChessBase"]
[SourceQuality "1"]
[TimeControl "5400+30"]

1. e4 c5 2. Nc3 d6 3. f4 Nf6 4. Nf3 Nc6 5. Bb5 Qc7 6. O-O Bg4 7. h3 Bxf3 8. Qxf3 O-O-O 9. Bxc6 Qxc6 10. d3 e6 11. Bd2 d5 12. Rae1 Qb6 13. e5 Nd7 14. b3 c4+ 15. Kh2 cxd3 16. Qxd3 Kb8 17. Be3 Qc6 18. Nb5 Nc5 19. Nd4 Qd7 20. Qe2 Ne4 21. c4 dxc4 22. Qxc4 Nd2 23. Bxd2 Qxd4 24. Qxd4 Rxd4 25. Rd1 Bc5 26. Bc3 Rxd1 27. Rxd1 Rc8 28. Rd7 Be3 29. Bd2 Bxd2 30. Rxd2 1/2-1/2

[Event "Croatian-ch Youth U15 2022"]
[Site "Trogir"]
[Date "2022.06.25"]
[Round "6.2"]
[White "Gal, Andrej"]
[Black "Frouth, Vibor"]
[Result "0-1"]
[ECO "A60"]
[WhiteElo "1874"]
[BlackElo "1493"]
[Annotator "NA RC"]
[PlyCount "116"]
[EventDate "2022.06.22"]
[EventType "swiss"]
[EventCountry "CRO"]
[SourceTitle "playchess.com"]
[Source "ChessBase"]
[SourceQuality "1"]
[TimeControl "5400+30"]

1. d4 Nf6 2. c4 e6 3. Nc3 c5 4. d5 exd5 5. cxd5 d6 6. Nf3 a6 7. a4 Bg4 8. Nd2 h6 9. Qc2 Bh5 10. e4 Bg6 11. Bd3 Nbd7 12. Nc4 Ne5 13. Nxe5 dxe5 14. O-O Bd6 15. Bd2 O-O 16. Rfe1 Qc7 17. b3 Nd7 18. Nd1 Rab8 19. a5 Rfc8 20. Ne3 f6 21. Nc4 Be8 22. Be2 Ra8 23. Bg4 Rd8 24. Be3 Bf8 25. Red1 b5 26. d6 Qb8 (26... Qc6 $16 {was necessary.}) 27. Bxd7 Bxd7 28. Nb6 Ra7 29. Qxc5 Be6 30. Nd5 Rad7 31. Qb6 Rxd6 32. Qxb8 Rxb8 33. Bc5 Rc6 34. Bb6 Rbc8 35. Kf1 Rc2 36. Be3 Bxd5 ({Black should play} 36... f5 $17 37. exf5 Bxf5) 37. exd5 Bd6 38. b4 R2c4 39. Bc5 Bxc5 40. bxc5 R4xc5 41. d6 Rd8 42. d7 Rc6 43. Rd2 (43. Rac1 $17 {might work better.} Rxc1 44. Rxc1 Rxd7 45. Rc6) 43... Kf7 44. Rad1 Ke7 45. Ke2 Rc7 46. g3 Rcxd7 47. Rxd7+ Rxd7 48. Rc1 Kd6 49. Kd3 Rc7 50. Rd1 Rc4 51. Ke3+ Ke7 $19 52. f4 exf4+ 53. gxf4 Ra4 54. Rc1 Rxa5 55. Rc7+ Kf8 56. Ke4 b4 57. Rb7 Rb5 58. Ra7 b3 0-1

[Event "Croatian-ch Youth U15 2022"]
[Site "Trogir"]
[Date "2022.06.25"]
[Round "6.3"]
[White "Jakovic, Roko"]
[Black "Sundac, Ivano"]
[Result "1/2-1/2"]
[ECO "E20"]
[WhiteElo "1944"]
[BlackElo "1978"]
[Annotator "NA RC"]
[PlyCount "44"]
[EventDate "2022.06.22"]
[EventType "swiss"]
[EventCountry "CRO"]
[SourceTitle "playchess.com"]
[Source "ChessBase"]
[SourceQuality "1"]
[TimeControl "5400+30"]

1. d4 Nf6 2. c4 e6 3. Nc3 Bb4 4. g3 Bxc3+ 5. bxc3 O-O 6. Bg2 d6 7. Nf3 Nc6 8. c5 d5 9. O-O Re8 10. Bg5 h6 11. Bxf6 Qxf6 12. e4 b6 13. Ne5 Nxe5 14. dxe5 Qxe5 15. exd5 exd5 16. Qxd5 Qxd5 17. Bxd5 Rb8 18. Rfe1 Be6 19. Bxe6 Rxe6 20. Rxe6 fxe6 21. cxb6 Rxb6 22. Rd1 Rc6 1/2-1/2

[Event "Croatian-ch Youth U15 2022"]
[Site "Trogir"]
[Date "2022.06.25"]
[Round "6.4"]
[White "Franc, Borna"]
[Black "Mandaric, Fran"]
[Result "1-0"]
[ECO "B21"]
[WhiteElo "2032"]
[BlackElo "1808"]
[Annotator "RC"]
[PlyCount "65"]
[EventDate "2022.06.22"]
[EventType "swiss"]
[EventCountry "CRO"]
[SourceTitle "playchess.com"]
[Source "ChessBase"]
[SourceQuality "1"]
[TimeControl "5400+30"]

1. e4 c5 2. d4 cxd4 3. c3 d3 4. Bxd3 Nc6 5. c4 g6 6. Nf3 Bg7 7. O-O d6 8. h3 Nf6 9. Nc3 O-O 10. Be3 b6 11. Rc1 Bb7 12. Qd2 Rc8 13. b3 Nd7 14. Bh6 Nde5 15. Be2 Nxf3+ 16. Bxf3 Nd4 17. Bg4 Bxh6 18. Qxh6 f5 19. exf5 Nxf5 20. Qd2 Qd7 21. Rfe1 Rce8 22. Qg5 Kg7 23. Nd5 e6 24. Nf4 Qf7 25. Bxf5 exf5 26. Qg3 Re5 27. Qc3 Rfe8 28. Nd3 Qf6 29. Nxe5 dxe5 30. Rcd1 Qc6 31. Rd5 Kh6 32. Rexe5 Qf6 33. Qd2+ 1-0

[Event "Croatian-ch Youth U15 2022"]
[Site "Trogir"]
[Date "2022.06.25"]
[Round "6.5"]
[White "Rautner, Fran"]
[Black "Bunic, Emanuel"]
[Result "1/2-1/2"]
[ECO "C95"]
[WhiteElo "1753"]
[BlackElo "1941"]
[Annotator "RC"]
[PlyCount "53"]
[EventDate "2022.06.22"]
[EventType "swiss"]
[EventCountry "CRO"]
[SourceTitle "playchess.com"]
[Source "ChessBase"]
[SourceQuality "1"]
[TimeControl "5400+30"]

1. e4 e5 2. Nf3 Nc6 3. Bb5 a6 4. Ba4 Nf6 5. O-O Be7 6. Re1 b5 7. Bb3 d6 8. c3 O-O 9. h3 Nb8 10. d4 Nbd7 11. Bc2 Bb7 12. Nbd2 Re8 13. Nf1 Bf8 14. Ng3 g6 15. a4 c5 16. d5 c4 17. Nh2 Nc5 18. Bg5 h6 19. Be3 Bg7 20. Qd2 h5 21. Bg5 Qc7 22. Nf3 Nh7 23. Be3 Rf8 24. Ra3 Nf6 25. Bh6 Nh7 26. Be3 Nf6 27. Bh6 1/2-1/2